 Dungeon Crawl Stone Soup version 0.17.1-1-g73c8601 (webtiles) character file.

51 Implojin the Cudgeler (level 3, 0/31 HPs)
             Began as a Minotaur Fighter on Apr 8, 2016.
             Slain by an orc wizard
             ... wielding a +0 dagger of venom
              (3 damage)
             ... on level 3 of the Dungeon.
             The game lasted 00:02:06 (259 turns).

Implojin the Cudgeler (Minotaur Fighter)             Turns: 259, Time: 00:02:06

Health: 0/31       AC:  9    Str: 20      XL:     3   Next: 57%
Magic:  2/2        EV: 10    Int:  1 (5)  God:
Gold:   0          SH:  9    Dex: 15      Spells: 0 memorised, 2 levels left

rFire  . . .     SeeInvis .     a - +0 flail
rCold  . . .     Clarity  .     f - +0 chain mail (curse)
rNeg   . . .     SustAt   .     c - +0 shield
rPois  .         Gourm    .     (helmet restricted)
rElec  .         Spirit   .     (no cloak)
rCorr  .         Warding  .     (no gloves)
rMut   .         Stasis   .     (no boots)
MR     .....                    (no amulet)
Stlth  ..........               (no ring)
                                (no ring)

@: agile, lethally poisoned (0 -> -8), not resistant to hostile enchantments,
extremely unstealthy
A: retaliatory headbutt, horns 2
a: no special abilities


You were on level 3 of the Dungeon.
You were not hungry.

You visited 1 branch of the dungeon, and saw 4 of its levels.

Inventory:

Hand Weapons
 a - a +0 flail (weapon)
Armour
 c - a +0 shield (worn)
 f - a cursed +0 chain mail (worn)
Scrolls
 h - 2 scrolls of teleportation {unknown}
 j - a scroll of identify {unknown}
 k - a scroll of amnesia {unknown}
Potions
 d - a potion of might
Comestibles
 e - a bread ration
 g - a meat ration


   Skills:
 - Level 3.6 Fighting
 * Level 4.8 Maces & Flails
 - Level 3.6 Armour
 - Level 3.6 Shields


You had 2 spell levels left.
You didn't know any spells.

Dungeon Overview and Level Annotations

Branches:
Dungeon (4/15)
 Temple: D:4-7

Altars:


Innate Abilities, Weirdness & Mutations

You reflexively headbutt those who attack you in melee.
You have a pair of horns on your head.


Message History

The jackal is almost dead.
You feel sick.
The jackal bites you but does no damage.
You block the kobold's attack. The jackal misses you.
You hit the jackal.
You kill the jackal!
The kobold barely misses you.
The jackal bites you but does no damage.
The kobold closely misses you. You furiously retaliate!
You headbutt the kobold, but do no damage.
Your chain mail prevents you from hitting the jackal.
The jackal is heavily wounded.
You feel sick. The jackal barely misses you. You block the kobold's attack.
You hit the jackal but do no damage. Your headbutt misses the jackal.
The jackal is heavily wounded.
The jackal closely misses you. The kobold closely misses you.
You block the jackal's attack.
You sock the jackal!
You kill the jackal!
The kobold hits you but does no damage.
The jackal bites you but does no damage.
You barely miss the jackal.
You feel sick. You block the kobold's attack.
The jackal bites you but does no damage.
You block the kobold's attack.
You hit the jackal.
You kill the jackal!
The kobold hits you but does no damage.
You hit the kobold. You headbutt the kobold.
You kill the kobold!
The kobold barely misses you. You furiously retaliate!
You headbutt the kobold!
You kill the kobold!
You miss something. Your headbutt misses something.
You feel sick. Something hits you.
* * * LOW HITPOINT WARNING * * *
You are lethally poisoned!
Something hits you but does no damage.
You closely miss something. Your headbutt misses something.
* * * LOW HITPOINT WARNING * * *
You feel sick. Something hits you.
You die...

...#.....##(.†.#...
#...####.......#..
#.. #.......###
###..####.#..$#....
................###
#####......##### .
###......#
....#####)>).....#
......(@{.#<.....#
...########......#
##....## ######


There were no monsters in sight!

Vanquished Creatures
  Natasha (D:2)
  A worm (D:3)
  2 giant geckos (D:1)
  3 giant cockroaches
  2 goblins
  A hobgoblin (D:2)
  3 jackals (D:3)
  5 kobolds
  A giant newt (D:3)
  2 rats
21 creatures vanquished.

Notes
Turn   | Place    | Note
--------------------------------------------------------------
     0 | D:1      | Implojin the Minotaur Fighter began the quest for the Orb.
     0 | D:1      | Reached XP level 1. HP: 19/19 MP: 0/0
    35 | D:1      | Reached skill level 3 in Maces & Flails
    52 | D:1      | Reached XP level 2. HP: 9/26 MP: 1/1
   140 | D:2      | Noticed Natasha
   147 | D:2      | Killed Natasha
   147 | D:2      | Reached skill level 4 in Maces & Flails
   147 | D:2      | Reached XP level 3. HP: 19/31 MP: 2/2
   259 | D:3      | Slain by an orc wizard

Action                   || total
-------------------------++-------
Melee: Flail             ||    74
  Use: Potion            ||     2

Table legend:
 A = Turns spent in this place as a percentage of turns spent in the entire game.
 B = Non-inter-level travel turns spent in this place as a percentage of non-inter-level travel turns spent in the entire game.
 C = Inter-level travel turns spent in this place as a percentage of turns spent in this place.
 D = Turns resting spent in this place as a percentage of non-inter-level travel turns spent in this place.
 E = Turns spent auto-exploring this place as a percentage of non-inter-level travel turns spent in this place.
 F = Non-inter-level travel turns spent in this place divided by the number of levels of this place that you've seen.
                   A       B       C       D       E      F
               +-------+-------+-------+-------+-------+----------------------
         Total | 100.0 | 100.0 |   0.0 |   0.0 |   0.0 |  60.8
       Dungeon | 100.0 | 100.0 |   0.0 |   0.0 |   0.0 |  60.8
               +-------+-------+-------+-------+-------+----------------------

Table legend:
 A = Kills in this place as a percentage of kills in entire the game.
 B = Kills by you in this place as a percentage of kills by you in the entire game.
 C = Kills by friends in this place as a percentage of kills by friends in the entire game.
 D = Other kills in this place as a percentage of other kills in the entire game.
 E = Experience gained in this place as a percentage of experience gained in the entire game.
 F = Experience gained in this place divided by the number of levels of this place that you have seen.
                   A       B       C       D       E      F
               +-------+-------+-------+-------+-------+----------------------
         Total | 100.0 | 100.0 |  -nan |  -nan | 100.0 |  18.2
       Dungeon | 100.0 | 100.0 |  -nan |  -nan | 100.0 |  18.2
               +-------+-------+-------+-------+-------+----------------------
